 Dungeon Crawl Stone Soup version 0.29.0-4-gdea44cf6ec (webtiles) character file.

Game seed: 15965381241274172805

39 qw the Chopper (level 3, -3/21 HPs)
             Began as a Tengu Warper on Aug 28, 2022.
             Slain by a scorpion (5 damage)
             ... on level 2 of the Dungeon.
             The game lasted 00:00:08 (1793 turns).

qw the Chopper (Tengu Warper)                       Turns: 1793, Time: 00:00:08

Health: -3/21      AC:  3    Str: 13    XL:     3   Next: 45%
Magic:  7/7        EV: 12    Int: 13    God:
Gold:   62         SH:  0    Dex: 13    Spells: 6/6 levels left

rFire   . . .      SeeInvis .   Y - +0 hand axe
rCold   . . .      Faith    .   (no shield)
rNeg    . . .      Spirit   .   b - +0 leather armour
rPois   .          Reflect  .   (helmet restricted)
rElec   .          Harm     .   (no cloak)
rCorr   .          Rampage  .   (no gloves)
Will    .....                   (boots unavailable)
Stlth   +.........              (no amulet)
HPRegen 0.07/turn               (no ring)
MPRegen 0.10/turn               (no ring)

@: lethally poisoned (-3 -> -5)
A: beak, talons 3
a: no special abilities


You were on level 2 of the Dungeon.
You visited 1 branch of the dungeon, and saw 2 of its levels.

You collected 62 gold pieces.


Innate Abilities, Weirdness & Mutations

You have a beak for a mouth.
You have claws for feet.


   Skills:
 - Level 2.0 Fighting
 + Level 4.1 Axes
 - Level 1.0 Throwing
 - Level 1.1 Armour
 - Level 2.1 Dodging
 - Level 2.0 Spellcasting
 - Level 2.4 Translocations


You had 6 spell levels left.
You didn't know any spells.
Your spell library contained the following spells:

 Spells                   Type           Power      Damage    Failure   Level
 Blink                    Tloc           14%        N/A       19%         2
 Gell's Gravitas          Tloc           7%         N/A       36%         3
 Lesser Beckoning         Tloc           7%         N/A       36%         3
 Teleport Other           Tloc           7%         N/A       36%         3
 Manifold Assault         Tloc           7%         N/A       98%         5

Inventory:

Hand Weapons
 g - a +0 mace
 Y - a +0 hand axe (weapon)
Armour
 b - a +0 leather armour (worn)
Jewellery
 e - a ring of fire
Scrolls
 a - a scroll of identify
 c - a scroll of butterflies {unknown}
Potions
 i - a potion of ambrosia {unknown}

Dungeon Overview and Level Annotations

Branches:
Dungeon (2/15)

Altars:


Message History

You hit the jackal but do no damage. Your kick misses the jackal.
The jackal barely misses you.
You hit the jackal but do no damage. You claw the jackal.
You kill the jackal!
You closely miss the jackal. You claw the jackal.
You kill the jackal!
Items here: %%%%.
A rat comes into view.
You hit the rat.
You kill the rat!
Found a stone staircase leading up.
Found a club.
You now have 62 gold pieces (gained 8).
There is a stone staircase leading up here.
c - a scroll labelled WEXE DIMNUNT A frilled lizard comes into view.
The frilled lizard hisses angrily.
You barely miss the frilled lizard. You peck the frilled lizard.
You kill the frilled lizard!
You see here a frilled lizard corpse.
A scorpion comes into view.
Enter note: You closely miss the scorpion.
You claw the scorpion.
The scorpion is moderately wounded.
The scorpion barely misses you. The scorpion stings you.
You are poisoned.
The scorpion poisons you!
You hit the scorpion. You claw the scorpion.
The scorpion is heavily wounded.
You feel sick. The scorpion stings you.
You hit the scorpion. You claw the scorpion. You peck the scorpion.
The scorpion is severely wounded.
You feel sick. The scorpion stings you.
You hit the scorpion but do no damage. Your kick misses the scorpion.
The scorpion is severely wounded.
You feel sick. The scorpion barely misses you. The scorpion stings you.
You hit the scorpion.
The scorpion is severely wounded.
You feel sick. The scorpion stings you.
You die...

##.#.##
########.####
............#
.#######.##.#
#.##.# #..#.#
##.#.#
####.##....#
......s@...#
####.##...##
# ##.## ..#
##.# #.# #.#
.#


You could see a scorpion.

Vanquished Creatures
  A worm (D:2)
  A ball python (D:1)
  An endoplasm (D:2)
  A giant cockroach (D:1)
  2 goblins (D:1)
  3 hobgoblins (D:1)
  4 jackals (D:2)
  6 kobolds
  A quokka (D:1)
  4 bats
  4 frilled lizards
  6 rats
34 creatures vanquished.

Notes
Turn   | Place    | Note
-------+----------+-------------------------------------------
     0 | D:1      | qw the Tengu Warper began the quest for the Orb.
     0 | D:1      | Reached XP level 1. HP: 12/12 MP: 4/4
     0 | D:1      | 0 ||| qw: Version: 0.1-a-89-g26bdef1
     0 | D:1      | 0 ||| qw: Game counter: 262
     0 | D:1      | 0 ||| qw: Always use a shield: true
     0 | D:1      | 0 ||| qw: God list: Okawaru
     0 | D:1      | 0 ||| qw: Allow faded altars: false
     0 | D:1      | 0 ||| qw: Do Orc after D:15 true
     0 | D:1      | 0 ||| qw: Do second Lair branch before Depths: true
     0 | D:1      | 0 ||| qw: Lair rune preference: random
     0 | D:1      | 0 ||| qw: Plans: Normal
     0 | D:1      | 0 ||| PLANNING D:1-11
   205 | D:1      | 205 ||| Stepping ~*~*~tactically~*~*~ (stealth).
   206 | D:1      | 206 ||| DROPPING +0 club.
   208 | D:1      | 208 ||| Stepping ~*~*~tactically~*~*~ (stealth).
   230 | D:1      | Reached XP level 2. HP: 17/17 MP: 6/6
   235 | D:1      | Reached skill level 3 in Axes
   468 | D:1      | 468 ||| Stepping ~*~*~tactically~*~*~ (stealth).
   469 | D:1      | 469 ||| Stepping ~*~*~tactically~*~*~ (stealth).
   882 | D:1      | Reached XP level 3. HP: 18/21 MP: 7/7
  1211 | D:1      | 1211 ||| READING 3 scrolls labelled HEJURE DEUFA.
  1212 | D:1      | 1212 ||| READING scroll labelled POV BOS UPPEOC.
  1213 | D:1      | 1213 ||| READING scroll labelled RUQOSE PYASA.
  1214 | D:1      | 1214 ||| DROPPING 2 scrolls of magic mapping.
  1215 | D:1      | 1215 ||| DROPPING scroll of blinking.
  1424 | D:2      | HP: 3/21 [worm (7)]
  1426 | D:2      | Reached skill level 4 in Axes
  1784 | D:2      | Noticed a scorpion
  1791 | D:2      | HP: 5/21 [scorpion (5)]
  1792 | D:2      | HP: 2/21 [scorpion (2)]
  1793 | D:2      | Slain by a scorpion

Levels and vault maps discovered:
D:1:      erik_arrival_cave_to_civilisation [erik_arrival_cave_to_hall],
          layout_basic
D:2:      layout_loops_ring, dilly_ecumenical_altar_fadedgnrine

Skill      XL: |  1  2  3 |
---------------+----------+-----
Axes           | 3 4 |  4.1
Fighting       | |  2.0
Throwing       | |  1.0
Armour         | |  1.1
Dodging        | |  2.1
Spellcasting   | |  2.0
Translocations | |  2.4

Action                   || total
-------------------------++-------
Melee: Hand axe          ||    77
       Kick              ||    23
       Peck              ||    17
       Punch             ||     1
Throw: Boomerang         ||     7
  Use: Scroll            ||     3
Armor: Leather armour    ||    15
Dodge: Dodged            ||    27

Table legend:
 A = Non-vault XP
 B = Vault XP
 C = Vault XP percentage of total XP
 D = Non-vault monster count
 E = Vault monster count
 F = Vault count percentage of total count
                 A         B        C        D         E       F
            +---------+---------+-------+---------+---------+-------
      Total |      53 |       3 |   5.4 |      32 |       2 |   5.9
            +---------+---------+-------+---------+---------+-------
        D:1 |      31 |       3 |   8.8 |      22 |       2 |   8.3
        D:2 |      22 |       0 |   0.0 |      10 |       0 |   0.0
            +---------+---------+-------+---------+---------+-------
